wp

Match 23467962
End
Construct Infanterie Kompanie
Kettenkrad Recon Vehicle
Selects Mechanized Battlegroup
MG 42 Machine Gun Team
Grenadier Squad
MG 42 Machine Gun Team
Grenadier Squad
Infanterie Officer Quarters
Construct Panzergrenadier Kompanie
Selects Raid Package
Selects 8 Rad Armored Car
8 Rad Armored Car
Support Elements
Nebelwerfer 42 Rocket Launcher Team
Selects UNKNOWN (2160084)
Nebelwerfer 42 Rocket Launcher Team
Panzergrenadier Squad
Selects Spotting Scopes
Construct Panzer Kompanie
Panther Heavy Tank
Selects Wespe Self-propelled Artillery
Selects Mechanized Assault
aSIISymbiosis
aSIIWarbringer
Mike
PlammX
0
0

Comments sign in to comment!

No comments posted yet!